 Seeded DCSS version 0.27.1-2-g3b301248ec (webtiles) character file.

Game seed: 17979796883088392625 (custom seed)

30 babuloseo the Shooter (level 3, -1/27 HPs)
             Began as a Human Hunter on Sept 26, 2021.
             Slain by an iguana (12 damage)
             ... on level 2 of the Dungeon.
             The game lasted 00:00:31 (736 turns).

babuloseo the Shooter (Human Hunter)                 Turns: 736, Time: 00:00:32

Health: -1/27      AC:  3    Str: 13    XL:     3   Next: 35%
Magic:  3/3        EV: 11    Int: 11    God:
Gold:   39         SH:  0    Dex: 13    Spells: 2/2 levels left

rFire    . . .     SeeInvis .   a - +1 shortbow
rCold    . . .     Faith    .   (shield currently unavailable)
rNeg     . . .     Spirit   .   c - +0 leather armour
rPois    .         Reflect  .   (no helmet)
rElec    .         Harm     .   (no cloak)
rCorr    .         Rampage  .   (no gloves)
Will     .....                  (no boots)
Stlth    +.........             (no amulet)
HPRegen  0.09/turn              (no ring)
MPRegen  0.08/turn              (no ring)

@: no status effects
A: no striking features
a: no special abilities


You were on level 2 of the Dungeon.
You visited 1 branch of the dungeon, and saw 2 of its levels.

You collected 39 gold pieces.

Inventory:

Hand Weapons
 a - a +1 shortbow (weapon)
 b - a +0 short sword
Missiles
 d - 24 arrows (quivered ammo)
Armour
 c - a +0 leather armour (worn)
Jewellery
 g - an amulet of regeneration
Scrolls
 h - a scroll of enchant armour {unknown}
Potions
 e - a potion of berserk rage {unknown}
 f - 2 potions of curing {unknown}


   Skills:
 + Level 2.2 Fighting
 + Level 4.8 Bows
 + Level 0.3 Armour
 + Level 2.0 Dodging
 + Level 1.0 Stealth


You had 2 spell levels left.
You didn't know any spells.
Your spell library was empty.

Dungeon Overview and Level Annotations

Branches:
Dungeon (2/15)

Altars:


Message History

No target in view!
f - 2 murky dark potions (gained 1)
Found 21 gold pieces and a shortbow.
No target in view!
An iguana comes into view.
The iguana moves out of view.
No target in view!
You see here 14 gold pieces.
You shoot an arrow. The arrow closely misses the iguana.
An iguana is nearby!
You shoot an arrow. The arrow barely misses the iguana.
You shoot an arrow. The arrow hits the iguana.
The iguana is lightly wounded.
An iguana is nearby!
You shoot an arrow.
The arrow hits the iguana but does no damage.
The iguana is lightly wounded.
The iguana bites you but does no damage.
You shoot an arrow. The arrow hits the iguana.
The iguana is moderately wounded.
The iguana bites you!
You shoot an arrow. The arrow hits the iguana.
The iguana is heavily wounded.
The iguana bites you!
You are too injured to fight recklessly!
You are too injured to fight recklessly!
Fire: 26 arrows
Press: ? - help, Q - select action Shift-Dir - straight line, f/p - iguana
Aim: an iguana (heavily wounded, 65% to hit)
You shoot an arrow.
The arrow hits the iguana but does no damage.
The iguana is heavily wounded.
The iguana completely misses you.
Unknown command.
Fire: 25 arrows
Press: ? - help, Q - select action Shift-Dir - straight line, f/p - iguana
Aim: an iguana (heavily wounded, 65% to hit)
You shoot an arrow. The arrow completely misses the iguana.
The iguana bites you!
You die...

#((...# .....#
###.....#
#.......#
#.##...#
#.##(..#
#.##l$.#
#...@..#
##..#...#
#...#...#
##.#.#####
#....#
.#########....#
.........#...##
.............#
.........#...#


You could see an iguana.

Vanquished Creatures
  A dart slug (D:1)
  3 ball pythons (D:1)
  An endoplasm (D:1)
  A giant cockroach (D:1)
  4 goblins (D:1)
  2 hobgoblins (D:1)
  2 jackals (D:1)
  2 bats (D:1)
  5 frilled lizards (D:1)
  A kobold (D:1)
  6 rats (D:1)
28 creatures vanquished.

Notes
Turn   | Place    | Note
-------+----------+-------------------------------------------
     0 | D:1      | babuloseo the Human Hunter began the quest for the Orb.
     0 | D:1      | Reached XP level 1. HP: 16/16 MP: 1/1
    86 | D:1      | Reached XP level 2. HP: 22/22 MP: 2/2
   287 | D:1      | Reached XP level 3. HP: 27/27 MP: 3/3
   736 | D:2      | Slain by an iguana

Illustrated notes

Levels and vault maps discovered:
D:1:      minmay_arrival_cross, layout_loops_ring
D:2:      layout_rooms, shapermc_ecumenical_altar_venn

Action                   || total
-------------------------++-------
 Fire: Shortbow          ||    79
Armor: Leather armour    ||     8
Dodge: Dodged            ||    13
